 Dungeon Crawl Stone Soup version 0.31-a0-1099-g7fa767f3fe (webtiles) character file.

Game seed: 7257677923596989437

219 Gynju the Shooter (level 5, -2/31 HPs)
             Began as a Deep Elf Hunter on Dec 1, 2023.
             Slain by a river rat (7 damage)
             ... on level 4 of the Dungeon.
             The game lasted 00:04:23 (2657 turns).

Gynju the Shooter (Deep Elf Hunter)                 Turns: 2657, Time: 00:04:24

Health: -2/31      AC:  3    Str:  8    XL:     5   Next: 64%
Magic:  7/7        EV: 13    Int: 14    God:
Gold:   178        SH:  0    Dex: 20    Spells: 4/4 levels left

rFire   . . .        a - +0 shortbow
rCold   . . .        (shield currently unavailable)
rNeg    . . .        c - +0 leather armour
rPois   .            (no helmet)
rElec   .            (no cloak)
rCorr   .            (no gloves)
SInv    .            (no boots)
Will    .....        (no amulet)
Stlth   ++           (no ring)
HPRegen 0.25/turn    (no ring)
MPRegen 0.10/turn

%: no passive effects
@: no status effects
A: no striking features
a: no special abilities


You were on level 4 of the Dungeon.
You visited 1 branch of the dungeon, and saw 4 of its levels.

You collected 178 gold pieces.

Inventory:

Hand Weapons
 a - a +0 shortbow (weapon)
 b - a +0 dagger of pain
Missiles
 p - a throwing net
Armour
 c - a +0 leather armour (worn)
Magical Staves
 o - a staff of cold
 t - a staff of earth
Jewellery
 g - a ring of protection from cold
Scrolls
 e - a scroll of identify {unknown}
 h - 4 scrolls of teleportation {unknown}
 j - a scroll of brand weapon {unknown}
 m - a scroll of enchant weapon {unknown}
 n - a scroll of butterflies
Potions
 d - 3 potions of might {unknown}
 f - 2 potions of attraction {unknown}
 i - 3 potions of curing {unknown}
 k - 2 potions of haste {unknown}
 l - a potion of mutation {unknown}
 q - a potion of brilliance {unknown}
 r - a potion of lignification {unknown}
 s - 2 potions of ambrosia {unknown}


   Skills:
 + Level 2.5 Fighting
 * Level 7.1 Ranged Weapons
 + Level 3.8 Dodging
 + Level 3.3 Stealth


You had 4 spell levels left.
You didn't know any spells.
Your spell library contained the following spells:

 Spells                   Type           Power      Damage    Failure   Level
 Hailstorm                Conj/Ice       0%         3d3       77%         3
 Summon Ice Beast         Ice/Summ       0%         N/A       99%         4
 Simulacrum               Ice/Necr       0%         N/A       100%        6


Dungeon Overview and Level Annotations

Branches:
Dungeon (4/15)
 Temple: D:4-7

Altars:
Nemelex Xobeh

Shops:
D:4 *

Portals:
Sewer: D:4


Message History

You kill the worm!
No target in view!
No target in view!
You see here a worm corpse.
You see here a ball python corpse.
You enter the shallow water.
Moving in this stuff is going to be slow.
As you open the large door, it creaks loudly!
A river rat comes into view. x2
Found a glowing drain.
You shoot an arrow. The arrow hits the river rat.
The river rat is moderately wounded.
You shoot an arrow. The arrow barely misses the river rat.
The river rat barely misses you. The river rat closely misses you.
You shoot an arrow.
The arrow hits the river rat but does no damage.
The river rat is moderately wounded.
The river rat bites you. x2
You shoot an arrow. The arrow closely misses the river rat.
The river rat bites you. x2
You are too injured to fight recklessly!
The river rat attacks as it pursues you!
The river rat bites you. x2; The river rat barely misses you.
You see here a ball python corpse.
You are too injured to fight recklessly!
You are too injured to fight recklessly!
You see here a worm corpse.
You are too injured to fight recklessly!
You are too injured to fight recklessly!
You are too injured to fight recklessly!
You shoot an arrow.
The arrow hits the river rat but does no damage.
The river rat bites you!
* * * LOW HITPOINT WARNING * * *
You shoot an arrow. The arrow closely misses the river rat.
The arrow hits the river rat.
The river rat is severely wounded.
You shoot an arrow. The arrow closely misses the river rat.
The river rat bites you!
You die...

# ###### #~ #~...##
#~∩ #~~~..#
#~~~#~~~..###
#''~†..†r@#
#~~~~~~..##r##
#~~~~....##..#####
#~.......##......#
#...........####.##
######....### #..#
###### ##.#
#.##########
#........)..


You could see 2 river rats.

Vanquished Creatures
  A hound (D:3)
  Jessica (D:2)
  An iguana (D:3)
  4 adders
  4 worms
  4 orcs (D:3)
  6 endoplasms
  3 giant cockroaches
  10 goblins
  8 hobgoblins
  4 jackals (D:1)
  4 quokkas
  7 ball pythons
  10 bats
  3 frilled lizards
  7 kobolds
  6 rats
83 creatures vanquished.

Notes
Turn   | Place    | Note
-------+----------+-------------------------------------------
     0 | D:1      | Gynju the Deep Elf Hunter began the quest for the Orb.
     0 | D:1      | Reached XP level 1. HP: 12/12 MP: 3/3
   109 | D:1      | You fall into a shaft and drop 1 floor!
   150 | D:1      | Reached XP level 2. HP: 17/17 MP: 4/4
   395 | D:1      | Reached XP level 3. HP: 19/21 MP: 5/5
   787 | D:1      | Reached skill level 6 in Ranged Weapons
  1374 | D:2      | Noticed Jessica
  1379 | D:2      | Killed Jessica
  1380 | D:2      | Reached XP level 4. HP: 23/26 MP: 6/6
  2144 | D:3      | Reached XP level 5. HP: 31/31 MP: 7/7
  2359 | D:3      | Found a sparkling altar of Nemelex Xobeh.
  2509 | D:3      | Reached skill level 7 in Ranged Weapons
  2597 | D:4      | Found Kualludi's General Store.
  2644 | D:4      | Found a glowing drain.
  2657 | D:4      | Slain by a river rat

Illustrated notes

Levels and vault maps discovered:
D:1:      mainiacjoe_arrival_reflecting_pool, layout_basic,
          corexii_leaking_fountain, minmay_ruptured
D:2:      layout_basic, kennysheep_jessica_study
D:3:      layout_rooms, nemelex_dance_club_becter
D:4:      layout_loops_cross, bloody_makhleb, lemuel_crystal_altar,
          minmay_temple_entry_glass, portal_sewer_entry_e, serial_shops,
          nicolae_take_the_stairs, uniq_blork_the_orc, uniq_grinder

Skill      XL: |  1  2  3  4  5 |
---------------+----------------+-----
Stealth        | 2 3 |  3.3
Fighting       | 2 |  2.5
Dodging        | 3 |  3.8
Ranged Weapons | 6 7 |  7.1

Action                     |  1- 3 |  4- 6 || total
---------------------------+-------+-------++-------
   Fire: Shortbow          |   127 |   109 ||   236
    Use: Scroll            |       |     1 ||     1
 Armour: Leather armour    |    20 |    36 ||    56
  Dodge: Dodged            |    38 |    49 ||    87

Table legend: (Time is in decaauts)
 A = Elapsed time spent in this place.
 B = Non-inter-level travel time spent in this place.
 C = Inter-level travel time spent in this place.
 D = Time resting spent in this place.
 E = Time spent auto-exploring this place.
 F = Levels seen in this place.
 G = Mean time per level.
                   A        B        C        D        E       F      G
               +--------+--------+--------+--------+--------+-----+--------+
         Total |   2693 |   2421 |    272 |    109 |   1866 |   4 |  673.2 |
       Dungeon |   2693 |   2421 |    272 |    109 |   1866 |   4 |  673.2 |
               +--------+--------+--------+--------+--------+-----+--------+

Top non-repeatable levels by time:
     D:2: 1036 daAuts
     D:1: 855 daAuts
     D:3: 717 daAuts
     D:4: 84 daAuts
